 Dungeon Crawl Stone Soup version 0.31-a0-1540-g5a0b83f (webtiles) character file.

Game seed: 15993184102375308499

110971 Dorkslayer the Blocker (level 16, -3/165 HPs)
             Began as an Oni Gladiator on Jan 1, 2024.
             Was an Initiate of Gozag.
             Hit by a silver javelin thrown by a merfolk javelineer (8 damage)
             ... led by Ilsuiw
             ... on level 2 of the Shoals.
             The game lasted 01:41:56 (24175 turns).

Dorkslayer the Blocker (Oni Gladiator)             Turns: 24175, Time: 01:41:57

Health: -3/165     AC: 26    Str: 26    XL:     16   Next: 56%
Magic:  16/16      EV: 10    Int:  9    God:    Gozag
Gold:   9100       SH: 20    Dex: 12    Spells: 15/15 levels left

rFire   + . .        y - +9 trident (heavy)
rCold   + . .        B - +3 kite shield
rNeg    + . .        o - +5 pearl dragon scales
rPois   .            L - +2 hat {Stlth+}
rElec   .            W - scarf {rC+ rF+}
rCorr   .            (gloves unavailable)
SInv    +            (boots unavailable)
Will    +....        f - amulet of reflection
Stlth   ++           d - ring of see invisible
HPRegen 0.47/turn    R - +4 ring of protection
MPRegen 0.15/turn

%: reflection
@: no status effects
A: large, unfitting armour, horns 1, tough skin 1, double potion healing,
drunken brawling
a: Renounce Religion, Potion Petition, Call Merchant, Bribe Branch


You were on level 2 of the Shoals.
You worshipped Gozag.
Gozag was greatly pleased with you.
You visited 5 branches of the dungeon, and saw 22 of its levels.
You also visited: Sewer and Volcano.

You collected 9854 gold pieces.
You spent 654 gold pieces at shops.
You paid 100 gold pieces to Gozag.

Inventory:

Hand Weapons
 a - a +3 war axe of flaming
 y - a +9 heavy trident (weapon)
 M - a +1 morningstar of holy wrath
Missiles
 t - 5 throwing nets
 u - a silver javelin
 w - 5 javelins
 x - 6 curare-tipped darts
 D - 7 large rocks
 F - 19 boomerangs (quivered)
Armour
 c - a +1 cloak
 o - +5 pearl dragon scales (worn)
 B - a +3 kite shield (worn)
 L - a +2 hat of stealth (worn)
 W - a scarf of resistance (worn)
Jewellery
 d - a ring of see invisible (left hand)
 f - an amulet of reflection (around neck)
 h - an amulet of the acrobat
 p - a ring of poison resistance
 v - a ring of protection from fire
 G - an amulet of magic regeneration
 R - a +4 ring of protection (right hand)
Wands
 b - a wand of polymorph (12)
 l - a wand of flame (10)
 E - a wand of roots (7)
 J - a wand of charming (22)
 V - a wand of mindburst (5)
Scrolls
 i - a scroll of brand weapon
 j - 3 scrolls of silence
 q - a scroll of fear
 r - 6 scrolls of fog
 C - 5 scrolls of poison
 P - 4 scrolls of teleportation
 T - 7 scrolls of identify
 U - a scroll of revelation
Potions
 e - 4 potions of berserk rage
 k - 4 potions of enlightenment
 n - 2 potions of might
 s - 8 potions of lignification
 z - a potion of mutation
 A - a potion of brilliance
 I - a potion of resistance
 N - 2 potions of cancellation
Miscellaneous
 K - a condenser vane (inert)
 X - a phantom mirror (inert)


   Skills:
 + Level 11.8 Fighting
 + Level 11.1(13.0) Axes
 + Level 11.0(13.0) Polearms
 + Level 6.6 Throwing
 + Level 8.8 Armour
 + Level 8.0 Dodging
 + Level 3.3 Stealth
 * Level 13.9 Shields
 + Level 0.1 Unarmed Combat
 * Level 9.9 Evocations


You had 15 spell levels left.
You didn't know any spells.
Your spell library contained the following spells:

 Spells                   Type           Power      Damage    Failure   Level
 Magic Dart               Conj           0%         1d3       82%         1
 Blink                    Tloc           0%         N/A       91%         2
 Call Imp                 Summ           0%         N/A       91%         2
 Cigotuvi's Dreadful Rot  Necr/Alch/Air  0%         N/A       91%         2
 Lesser Beckoning         Tloc           0%         N/A       91%         2
 Static Discharge         Conj/Air       0%         3-3/arc   91%         2
 Sublimation of Blood     Necr           0%         N/A       91%         2
 Dazzling Flash           Conj/Hex       0%         N/A       99%         3
 Fugue of the Fallen      Necr           0%         N/A       99%         3
 Gell's Gravitas          Tloc           0%         N/A       99%         3
 Mephitic Cloud           Conj/Alch/Air  0%         N/A       99%         3
 Ozocubu's Armour         Ice            0%         N/A       99%         3
 Teleport Other           Tloc           0%         N/A       99%         3
 Airstrike                Air            0%         2d(0-16)  100%        4
 Ignite Poison            Fire/Alch      0%         N/A       100%        4
 Manifold Assault         Tloc           0%         N/A       100%        4
 Petrify                  Alch/Erth      0%         N/A       100%        4
 Summon Blazeheart Golem  Fire/Summ      0%         N/A       100%        4
 Summon Lightning Spire   Summ/Air       0%         N/A       100%        4
 Alistair's Intoxication  Alch           0%         N/A       100%        5
 Borgnjor's Vile Clutch   Necr/Erth      0%         N/A       100%        5
 Curse of Agony           Necr           0%         N/A       100%        5
 Freezing Cloud           Conj/Ice/Air   0%         6-21      100%        5
 Irradiate                Conj/Alch      0%         3d11      100%        5
 Metabolic Englaciation   Hex/Ice        0%         N/A       100%        5
 Silence                  Hex/Air        0%         N/A       100%        5
 Dispersal                Tloc           0%         N/A       100%        6
 Eringya's Noxious Bog    Alch           0%         4d6       100%        6
 Orb of Destruction       Conj           0%         9d5       100%        7
 Spellforged Servitor     Conj/Summ      0%         N/A       100%        7
 Disjunction              Tloc           0%         N/A       100%        8
 Sculpt Simulacrum        Ice/Alch       Unusable   N/A       N/A         6

Dungeon Overview and Level Annotations

Branches:
Dungeon (12/15)            Temple (1/1) D:5            Lair (5/5) D:11
 Shoals (2/4) Lair:2        Snake (0/4) Lair:3        Slime (0/5) Lair:5
    Orc (2/2) D:12            Elf (0/3) Orc:2         Sewer (visited)
Volcano (visited)

Altars:
Ashenzari
Cheibriados
Dithmenos
Elyvilon
Fedhas
Gozag
Hepliaklqana
Kikubaaqudgha
Makhleb
Nemelex Xobeh
Okawaru
Qazlal
Ru
Sif Muna
Trog
Uskayaw
Vehumet
Wu Jian
Xom
Yredelemnul
Zin
The Shining One
Jiyva

Shops:
D:10 [   Orc:2 =[

Annotations:
D:6 Grinder
Shoals:2 Iniqedai's ghost, adept DEEE; PublicAnimeNo1's ghost, adept DsAl


Innate Abilities, Weirdness & Mutations

You are too large for most types of armour.
You have a pair of small horns on your head.
You have tough skin. (AC +1)
You gain doubled healing and magic from potions.
Whenever you drink a healing potion, you attack all around you.


Message History

Ilsuiw is engulfed in poison gas.
Ilsuiw looks as sick as possible!
Your merfolk barely misses Ilsuiw.
Unknown command.
Ilsuiw is no longer distracted by gold.
Ilsuiw is engulfed in poison gas.
Ilsuiw looks as sick as possible!
Ilsuiw is distracted by your dazzling golden aura.
The merfolk javelineer throws a silver javelin.
The silver javelin pierces through Ilsuiw!
The silver javelin pierces through your merfolk!
The silver javelin pierces through you but does no damage.
* * * LOW HITPOINT WARNING * * *
Your merfolk closely misses Ilsuiw.
Ilsuiw is engulfed in poison gas.
Ilsuiw looks as sick as possible!
The tide is released from Ilsuiw's call.
You kill Ilsuiw!
Your skyshark is poisoned.
You see here 5 gold pieces.
You start resting.
Your manticore closely misses the merfolk javelineer.
Your manticore claws the merfolk javelineer.
Your manticore claws the merfolk javelineer!
The merfolk javelineer throws a silver javelin.
The silver javelin pierces through your manticore!!
The silver javelin closely misses your merfolk.
The silver javelin pierces through you!
* * * LOW HITPOINT WARNING * * *
x2 Your manticore bites the merfolk javelineer!
Your manticore claws the merfolk javelineer.
Your manticore closely misses the merfolk javelineer.
Your merfolk hits the merfolk javelineer from afar with a +0 trident!!
You enter the shallow water.
Your merfolk looks more healthy.
Your skyshark dissolves into shadows!
The merfolk javelineer throws a silver javelin.
The silver javelin pierces through your manticore!!
Your manticore dies!
Your manticore's corpse dissolves into shadows!
The silver javelin pierces through your sea snake!
The silver javelin pierces through you!
You die...
Your body crumbles into a pile of gold.

≈~~~~~..##.~~~~..#
≈≈≈≈~~~...~~~~..## ♣.
≈≈≈≈~~~~~[~~~~...# .♣#
≈≈≈≈≈~~~~~~~~~~..# ..#
≈≈≈≈≈≈~~~~~)~~~..# ..#
≈≈≈≈≈≈≈≈≈≈≈~~~~..#####+..+
≈≈≈≈≈≈≈≈≈≈≈≈~~~)..♣m...$.#####
≈≈≈≈≈≈≈≈≈≈≈≈≈~~~~S.♣...$......
≈≈~~~≈≈≈≈≈≈≈≈~~~@m####m#F.m♣.
≈≈~~~≈≈≈~~~≈≈~~~..#...$# .....
~~~~~~~≈~~~≈≈~~.###....#.♣.8.♣
~~~~~~~~~~~≈~~~.###....#......
.~~.....~~~~~~~...#[...#...♣..
..~....~~~~~~~~~..######......
........~......~....###..~~~~.
≈..[......#####............~~.
≈..####...## ##..#.##........


You could see a merfolk javelineer (ally target), a friendly sea snake
(summoned) and a friendly merfolk (summoned).

Vanquished Creatures
  The ghost of Vephes the Peltast, an adept HuWn of Okawaru (Shoals:2)
  Mlioglotl (Shoals:2)
  The ghost of Yxed the Earth Mage, an adept DEEE of Vehumet (Shoals:1)
  Kirke (Lair:3)
  Gastronok (D:9)
  Ilsuiw (Shoals:2)
  A stone giant (Volcano)
  2 merfolk javelineers
  A merfolk impaler (Shoals:2)
  The ghost of IAmTheZeppo the Fighter, a journeyman DjAl of Gozag (D:12)
  An ogre mage (D:10)
  3 hydras
  A merfolk avatar (Shoals:2)
  3 centaur warriors
  3 two-headed ogres
  A dancing weapon (D:10)
  2 merfolk aquamancers
  Erica (D:10)
  A demonic crawler (Lair:4)
  The ghost of ironshield the Purveyor of Pain, a novice DsSu of Kikubaaqudgha (D:10)
  5 skysharks
  6 sea snakes
  4 orc knights
  Pikel (D:5)
  8 harpies (Shoals:2)
  7 fauns
  An oklob plant (Lair:4)
  A wolf spider (Lair:5)
  2 ugly things (D:12)
  An orc sorcerer (Orc:1)
  3 cyclopes
  Maurice (D:10)
  4 manticores
  5 kobold blastminers
  6 merfolk sirens
  20 elephants
  Joseph (D:7)
  15 black mambas
  4 water nymphs
  A guardian serpent (Lair:5)
  A torpor snail (Lair:1)
  4 gargoyles
  Maggie (D:6)
  An unseen horror (D:11)
  5 rime drakes
  14 cane toads
  11 komodo dragons
  An efreet (Volcano)
  7 kobold demonologists
  4 trolls
  11 merfolk
  2 wind drakes (Shoals:1)
  A tyrant leech (Lair:4)
  4 hornets
  13 blink frogs
  2 polar bears
  4 dream sheep (Lair:4)
  5 snapping turtles
  A shadow (D:11)
  2 wraiths (D:12)
  A vampire (D:12)
  4 water elementals (Shoals:1)
  A hog (Lair:3)
  4 basilisks
  4 steam dragons
  2 fire elementals (Volcano)
  18 wyverns
  69 yaks
  2 redbacks (Lair:5)
  7 wargs
  A vampire mosquito (D:10)
  2 acid dragons (D:10)
  Edmund (D:6)
  4 swamp worms (Lair:4)
  28 water moccasins
  3 ice beasts
  5 black bears
  43 orc warriors
  6 ogres
  A sky beast (D:7)
  17 centaurs
  9 wolves
  12 kobold brigands
  11 bullfrogs
  5 gnoll sergeants
  7 scorpions
  An earth elemental (Volcano)
  22 wights
  A killer bee (D:10)
  2 electric eels
  A howler monkey (D:10)
  A crimson imp (D:4)
  A bombardier beetle (D:5)
  4 hounds
  3 jellies
  8 orc priests
  2 gnoll boudas (D:8)
  Natasha (thrice) (D:3)
  3 iguanas
  24 orc wizards
  Robin (D:4)
  20 gnolls
  10 adders
  4 river rats
  4 white imps
  4 dart slugs
  78 orcs
  2 ribbon worms (D:2)
  9 ball pythons
  4 endoplasms
  10 giant cockroaches
  19 goblins
  9 hobgoblins
  4 jackals
  32 kobolds
  7 quokkas
  10 bats
  7 frilled lizards
  4 rats
799 creatures vanquished.

Vanquished Creatures (collateral kills)
  2 harpies (Shoals:2)
2 creatures vanquished.

Vanquished Creatures (others)
  A yak (Lair:1)
  3 kobold brigands
  3 orc wizards
  2 kobolds (D:8)
9 creatures vanquished.

Grand Total: 810 creatures vanquished

Notes
Turn   | Place    | Note
-------+----------+-------------------------------------------
     0 | D:1      | Dorkslayer the Oni Gladiator began the quest for the Orb.
     0 | D:1      | Reached XP level 1. HP: 22/22 MP: 1/1
    71 | D:1      | Reached XP level 2. HP: 26/29 MP: 2/2
   892 | D:2      | Reached XP level 3. HP: 35/36 MP: 3/3
  1333 | D:2      | Reached skill level 1 in Armour
  1759 | D:3      | Noticed Natasha
  1861 | D:3      | Killed Natasha
  1862 | D:3      | Reached XP level 4. HP: 41/45 MP: 4/4
  1911 | D:3      | Noticed Natasha
  1957 | D:3      | Reached XP level 5. HP: 26/53 MP: 5/5
  1965 | D:3      | Killed Natasha
  1978 | D:3      | Noticed Natasha
  1988 | D:3      | Killed Natasha
  2365 | D:3      | Found a sacrificial altar of Ru.
  2849 | D:4      | Reached XP level 6. HP: 61/61 MP: 6/6
  3020 | D:4      | Found a glowing silver altar of Zin.
  3043 | D:4      | Identified the +7 spear of Harmony {holy, rPois Will- rCorr
                  | Str-5}
  3384 | D:4      | Noticed Robin
  3404 | D:4      | Killed Robin
  3424 | D:4      | Found the Hermit's Pendant {Faith Invo=14 Evo=0 MP+5}
  3674 | D:5      | Entered Level 5 of the Dungeon
  3760 | D:5      | Reached skill level 1 in Evocations
  3848 | D:5      | Noticed an ice beast
  3855 | D:5      | Killed an ice beast
  3856 | D:5      | Reached XP level 7. HP: 52/68 MP: 7/7
  4177 | D:5      | Reached skill level 5 in Axes
  4227 | D:5      | Found a staircase to the Ecumenical Temple.
  4239 | Temple   | Entered the Ecumenical Temple
  4252 | Temple   | Became a worshipper of Gozag Ym Sagoz the Greedy
  4281 | D:5      | Identified a scroll of acquirement
  4281 | D:5      | Acquired 1064 gold pieces
  4342 | D:5      | Reached XP level 8. HP: 29/78 MP: 8/8
  4556 | D:5      | Noticed Pikel
  4576 | D:5      | Killed Pikel
  4836 | D:6      | Found a glowing drain.
  4851 | D:6      | Reached skill level 5 in Armour
  4857 | Sewer    | Entered a sewer
  4895 | Sewer    | Reached XP level 9. HP: 87/87 MP: 9/9
  5370 | D:6      | Noticed Edmund
  5376 | D:6      | Killed Edmund
  5377 | D:6      | Reached skill level 5 in Fighting
  5726 | D:6      | Noticed Grinder
  5729 | D:6      | Noticed Maggie
  6194 | D:6      | Killed Maggie
  6195 | D:6      | Reached skill level 5 in Throwing
  6557 | D:7      | Reached skill level 5 in Dodging
  6562 | D:7      | Found a shimmering blue altar of Sif Muna.
  6693 | D:7      | Reached skill level 1 in Stealth
  6939 | D:7      | Reached XP level 10. HP: 27/98 MP: 10/10
  6965 | D:7      | Reached skill level 1 in Shields
  7534 | D:7      | Reached skill level 2 in Shields
  7694 | D:7      | Found a stormy altar of Qazlal.
  7890 | D:7      | Noticed Joseph
  7906 | D:7      | Killed Joseph
  8052 | D:8      | Found a basalt altar of Yredelemnul.
  8138 | D:8      | Reached skill level 3 in Shields
  8436 | D:8      | Reached XP level 11. HP: 95/109 MP: 11/11
  8843 | D:8      | Reached skill level 4 in Shields
  8981 | D:8      | Reached skill level 1 in Polearms
  9057 | D:8      | Identified the serpent talisman of the Narrow God {+Blink
                  | Int+5}
  9605 | D:9      | Noticed a manticore
  9618 | D:9      | Killed a manticore
  9619 | D:9      | Reached skill level 5 in Evocations
  9833 | D:9      | Paralysed by a chaos spawn for 1 turns
 10113 | D:9      | Noticed Gastronok
 10124 | D:9      | Killed Gastronok
 10125 | D:9      | Reached skill level 5 in Shields
 10502 | D:10     | Entered Level 10 of the Dungeon
 10508 | D:10     | Found a runed translucent door.
 10655 | D:10     | Noticed a cyclops
 10674 | D:10     | Noticed Maurice
 10678 | D:10     | Killed a cyclops
 10682 | D:10     | Maurice stole 2 silver javelins
 10685 | D:10     | Something stole an amulet of magic regeneration
 10687 | D:10     | Something stole a +1 war axe of flaming
 10688 | D:10     | Killed Maurice
 10890 | D:10     | Found Weosieta's Antique Armour Boutique.
 11090 | D:10     | Found a shimmering altar of Xom.
 11090 | D:10     | Noticed ironshield's ghost (novice DsSu)
 11091 | D:10     | Noticed a +0 long sword of chaos
 11219 | D:10     | Noticed a two-headed ogre
 11340 | D:10     | Noticed a two-headed ogre
 11347 | D:10     | Noticed Erica
 11363 | D:10     | Noticed a centaur warrior
 11373 | D:10     | Killed a centaur warrior
 11374 | D:10     | Reached skill level 6 in Shields
 11374 | D:10     | Reached XP level 12. HP: 93/119 MP: 12/12
 11385 | D:10     | Killed a two-headed ogre
 11386 | D:10     | Reached skill level 5 in Polearms
 11449 | D:10     | Noticed an ogre mage
 11895 | D:10     | Killed an ogre mage
 11954 | D:10     | Killed a two-headed ogre
 12030 | D:10     | Killed Erica
 12165 | D:10     | Reached skill level 7 in Shields
 12172 | D:10     | Killed ironshield's ghost
 12302 | D:11     | Noticed a two-headed ogre
 12310 | D:11     | Killed a two-headed ogre
 12625 | D:11     | Found a staircase to the Lair.
 13065 | D:12     | Found a runed translucent gate.
 13065 | D:12     | Found a runed translucent gate.
 13065 | D:12     | Found a runed translucent gate.
 13066 | D:12     | Noticed IAmTheZeppo's ghost (journeyman DjAl)
 13091 | D:12     | Reached XP level 13. HP: 118/128 MP: 13/13
 13240 | D:12     | Found a staircase to the Orcish Mines.
 13527 | D:12     | Reached skill level 8 in Shields
 13542 | D:12     | Killed IAmTheZeppo's ghost
 13782 | Orc:1    | Entered Level 1 of the Orcish Mines
 13982 | Orc:1    | Paralysed by an orc sorcerer for 4 turns
 14353 | Orc:2    | Entered Level 2 of the Orcish Mines
 14996 | Orc:2    | Found a staircase to the Elven Halls.
 15331 | Orc:2    | Reached skill level 9 in Shields
 15652 | Orc:2    | Found Cucaot's Antique Armour Shoppe.
 15654 | Orc:2    | Found Heatsiock's Jewellery Boutique.
 15656 | Orc:2    | Found Munlut's Distillery.
 15660 | Orc:2    | Bought a potion of might for 52 gold pieces
 15660 | Orc:2    | Bought 2 potions of cancellation for 208 gold pieces
 15660 | Orc:2    | Bought a potion of might for 52 gold pieces
 15660 | Orc:2    | Bought a potion of curing for 39 gold pieces
 15660 | Orc:2    | Bought a potion of berserk rage for 65 gold pieces
 15668 | Orc:2    | Bought a glowing hat for 238 gold pieces
 15972 | Lair:1   | Entered Level 1 of the Lair of Beasts
 16047 | Lair:1   | Reached XP level 14. HP: 97/141 MP: 14/14
 16070 | Lair:1   | Found a dark tunnel.
 16078 | Volcano  | Entered a volcano
 16163 | Volcano  | Reached skill level 10 in Shields
 16192 | Volcano  | Noticed a stone giant
 16204 | Volcano  | Killed a stone giant
 17349 | Lair:2   | Reached skill level 10 in Fighting
 17385 | Lair:2   | Found a staircase to the Shoals.
 18208 | Lair:3   | Reached skill level 11 in Shields
 18352 | Lair:3   | Found a staircase to the Snake Pit.
 18398 | Lair:3   | Noticed Kirke
 18417 | Lair:3   | Killed Kirke
 18849 | Lair:3   | Found the +8 whip "Snakebite" {venom, curare, rPois}
 19572 | Lair:4   | Reached skill level 10 in Polearms
 19572 | Lair:4   | Reached XP level 15. HP: 54/150 MP: 15/15
 19860 | Lair:4   | Reached skill level 12 in Shields
 20001 | Lair:4   | Identified the orb of Snakes and Ladders {guile, +Blink
                  | rPois rF-}
 20142 | Lair:4   | Reached skill level 10 in Axes
 20544 | Lair:5   | Entered Level 5 of the Lair of Beasts
 21354 | Lair:5   | Found a viscous altar of Jiyva.
 21355 | Lair:5   | Found a staircase to the Slime Pits.
 22011 | Shoals:1 | Entered Level 1 of the Shoals
 22436 | Shoals:1 | Reached skill level 13 in Shields
 22671 | Shoals:1 | Found a runed translucent gate.
 22671 | Shoals:1 | Found a runed translucent gate.
 22672 | Shoals:1 | Found a runed translucent gate.
 22829 | Shoals:1 | Noticed Yxed's ghost (adept DEEE)
 22836 | Shoals:1 | Reached XP level 16. HP: 147/163 MP: 16/16
 22857 | Shoals:1 | Killed Yxed's ghost
 23227 | Shoals:2 | Noticed Mlioglotl
 23241 | Shoals:2 | Noticed a bone dragon
 23246 | Shoals:2 | Killed Mlioglotl
 23265 | Shoals:2 | Found a runed translucent gate.
 23408 | Shoals:2 | Found a runed translucent gate.
 23408 | Shoals:2 | Found a runed translucent gate.
 23408 | Shoals:2 | Noticed Vephes's ghost (adept HuWn)
 23409 | Shoals:2 | Noticed Iniqedai's ghost (adept DEEE)
 23409 | Shoals:2 | Noticed PublicAnimeNo1's ghost (adept DsAl)
 23542 | Shoals:2 | Killed Vephes's ghost
 24022 | Shoals:2 | Noticed Ilsuiw
 24154 | Shoals:2 | HP: 8/165 [merfolk javelineer/silver javelin[Ilsuiw] (16)]
 24165 | Shoals:2 | Killed Ilsuiw
 24174 | Shoals:2 | HP: 8/165 [merfolk javelineer/silver javelin[Ilsuiw] (11)]
 24175 | Shoals:2 | Hit by a silver javelin thrown by a merfolk javelineer

Illustrated notes

Levels and vault maps discovered:
D:1:      dpeg_arrival_round_a, layout_loops_ring, minmay_large_rounded_square,
          nicolae_figureground_pulse
D:2:      layout_basic, dk_noncrumbling_4, dk_noncrumbling_2,
          wad_floor_pattern_untrapped
D:3:      layout_basic, mainiacjoe_overflow_brackets,
          minmay_misc_feat_nine_boxes, uniq_natasha
D:4:      kennysheep_goblin_castle, layout_rooms, mainiacjoe_overflow_chevrons,
          minmay_fire_ice_demons
D:5:      layout_loops_ring, minmay_temple_entry_stoned_glass, uniq_pikel
D:6:      layout_layer_cave, mainiacjoe_sewer_entry_somewhere_in_here_1,
          uniq_edmund, uniq_grinder, uniq_maggie
D:7:      layout_loops_ring, grunt_qazlal_clouds, kennysheep_orc_sif_temple,
          grunt_potential, uniq_joseph
D:8:      layout_basic, mainiacjoe_overflow_boulevard, kennysheep_potato
D:9:      layout_basic, uniq_gastronok
D:10:     kennysheep_windowed_halls, layout_basic, serial_shops,
          kennysheep_mini, ebering_ghost_xom, uniq_erica, uniq_maurice
D:11:     layout_roguey, grunt_lair_entry_orc_guard_hut
D:12:     layout_basic, orc_0_dummy, gammafunk_ghost_nasty_kobolds,
          kennysheep_generic_room_3
Temple:   minmay_crystal_spiral_temple
Lair:1:   layout_cave_pods, enter_volcano_1
Lair:2:   layout_hall_layers, minmay_shoals_entry_centaurs, serial_bayou_shore_b
Lair:3:   minmay_guarded_unrand_snakebite, layout_cave_pods, dummy_snake_entry,
          uniq_kirke
Lair:4:   cheibrodos_lair_overgrown_chateau, layout_misc_corridors,
          nicolae_quartered_pool_super, worms_lemuel
Lair:5:   hangedman_lair_tendril_chambers, layout_small_grid, slime_entry_1
Shoals:1: layout_shoals, gammafunk_ghost_split
Shoals:2: cheibrodos_shoals_epimethial_gifts, layout_shoals, serial_shops, shop,
          gammafunk_ghost_cemetery, uniq_mlioglotl, uniq_polyphemus, uniq_ilsuiw
Orc:1:    layout_diamond_mine
Orc:2:    st_orc_rangers, layout_diamond_mine,
          regret_index_minedec_guest_junction

Skill      XL: |  1  2  3  4  5  6  7  8  9 10 11 12 13 14 15 16 |
---------------+-------------------------------------------------+-----
Dodging        | 3 4 5 6 7 8 |  8.0
Armour         | 1 2 3 5 6 7 8 |  8.8
Fighting       | 3 4 5 7 8 9 10 11 | 11.8
Axes           | 4 5 6 7 9 11 | 11.1
Throwing       | 3 4 5 6 |  6.6
Evocations     | 1 2 3 4 5 6 7 8 9 |  9.9
Stealth        | 1 2 3 |  3.3
Shields        | 3 6 7 9 11 13 | 13.9
Polearms       | 4 7 8 10 11 | 11.0
Unarmed Combat | |  0.1

Action                     |  1- 3 |  4- 6 |  7- 9 | 10-12 | 13-15 | 16-18 || total
---------------------------+-------+-------+-------+-------+-------+-------++-------
  Melee: War axe           |   111 |   138 |   278 |   264 |   460 |       ||  1251
         Headbutt          |    11 |    19 |    45 |   122 |   289 |    24 ||   510
         Punch             |     1 |     1 |     2 |       |       |       ||     4
         Unarmed           |       |       |     9 |       |       |       ||     9
         Trident           |       |       |       |   293 |   898 |   179 ||  1370
  Throw: Throwing net      |       |     4 |     3 |       |       |       ||     7
         Javelin           |       |     1 |       |     5 |       |     1 ||     7
         Large rock        |       |     1 |       |    14 |    23 |     1 ||    39
         Dart              |       |       |       |     4 |       |       ||     4
         Boomerang         |       |       |       |    14 |     8 |       ||    22
  Evoke: Wand              |       |       |       |     6 |    11 |     5 ||    22
         Condenser vane    |       |       |       |       |       |     2 ||     2
         Phantom mirror    |       |       |       |       |       |     1 ||     1
    Use: Scroll            |     8 |     5 |    12 |    11 |     9 |     7 ||    52
         Potion            |       |       |     1 |     3 |     7 |    14 ||    25
   Stab: Sleeping          |     1 |       |       |       |       |     1 ||     2
         Held in net/web   |       |       |     3 |       |     1 |       ||     4
         Distracted        |       |       |     2 |     6 |    10 |     1 ||    19
         Invisible         |       |       |       |       |    12 |       ||    12
 Armour: Robe              |    76 |       |       |       |       |       ||    76
         Pearl dragon scal |     1 |   151 |   209 |   354 |   852 |   161 ||  1728
         Skin              |     1 |       |     1 |       |       |       ||     2
  Dodge: Dodged            |    71 |    57 |   159 |   113 |   359 |    46 ||   805
  Block: Other             |       |       |    24 |    11 |       |       ||    35
         Kite shield       |       |       |       |   443 |  1549 |   164 ||  2156
         Reflection        |       |       |       |    31 |   145 |     7 ||   183

Table legend: (Time is in decaauts)
 A = Elapsed time spent in this place.
 B = Non-inter-level travel time spent in this place.
 C = Inter-level travel time spent in this place.
 D = Time resting spent in this place.
 E = Time spent auto-exploring this place.
 F = Levels seen in this place.
 G = Mean time per level.
                   A        B        C        D        E       F      G
               +--------+--------+--------+--------+--------+-----+--------+
         Total |  24705 |  24610 |     95 |   1021 |  11773 |  24 | 1029.4 |
       Dungeon |  13651 |  13632 |     19 |    662 |   7213 |  12 | 1137.6 |
        Temple |     26 |     26 |      0 |      0 |      0 |   1 |   26.0 |
          Lair |   5981 |   5930 |     51 |      0 |   3058 |   5 | 1196.2 |
        Shoals |   2174 |   2174 |      0 |    359 |    699 |   2 | 1087.0 |
  Orcish Mines |   2222 |   2197 |     25 |      0 |    624 |   2 | 1111.0 |
         Sewer |    490 |    490 |      0 |      0 |    178 |   1 |  490.0 |
       Volcano |    158 |    158 |      0 |      0 |      0 |   1 |  158.0 |
               +--------+--------+--------+--------+--------+-----+--------+

Top non-repeatable levels by time:
    D:10: 1687 daAuts
     D:7: 1550 daAuts
     D:9: 1549 daAuts
Shoals:1: 1526 daAuts
   Orc:2: 1489 daAuts
  Lair:5: 1390 daAuts
  Lair:4: 1372 daAuts
  Lair:3: 1308 daAuts
     D:6: 1282 daAuts
     D:8: 1141 daAuts
  Lair:1: 1136 daAuts
     D:5: 1075 daAuts
     D:2: 1074 daAuts
     D:3: 1023 daAuts
    D:12: 877 daAuts
